Construct Infanterie Kompanie
Selects Luftwaffe Battlegroup
Selects Luftwaffe Pioneer Support
Selects Flak 38 Anti-Air Emplacement
Construct Luftwaffe Kompanie
Fallschirmpioneer Squad Paradrop
Infanterie Officer Quarters
Selects Reconnaissance Run
Flak 30 Anti-aircraft Gun Team
Selects Infantry Reserves
Flak 30 Anti-aircraft Gun Team
Marder III M Tank Destroyer
Luftwaffe Officer Quarters
Selects Fallschirmjäger Squad Paradrop
Construct Panzer Kompanie